 Dungeon Crawl Stone Soup version 0.22-a0-373-gab1296c (webtiles) character file.

592545 mhoghedin the Acrobat (level 27, -4/188 HPs)
             Began as a Kobold Fighter on Apr 25, 2018.
             Was a High Priest of Elyvilon.
             Killed from afar by a storm dragon (31 damage)
             ... with a bolt of lightning
             ... on level 1 of the Realm of Zot.
             The game lasted 03:38:17 (75292 turns).

mhoghedin the Acrobat (Kobold Fighter)             Turns: 75292, Time: 03:38:18

Health: -4/188     AC: 39    Str: 19 (24) XL:     27
Magic:  36/36      EV: 18    Int: 15      God:    Elyvilon [*****.]
Gold:   3159       SH: 19    Dex: 23 (24) Spells: 26/26 levels left

rFire    + . .     SeeInvis .   b - +7 scimitar of Timmeipn {freeze, +Rage Dex+3}
rCold    + + .     Gourm    .   o - +3 shield {reflect}
rNeg     + + .     Faith    +   m - +0 gold dragon scales
rPois    +         Spirit   .   I - +2 helmet {Int+3}
rElec    .         Reflect  +   T - +2 cloak {rC+}
rCorr    .         Harm     .   N - +2 pair of gloves {Dex+3}
MR       +++..                  Q - +2 pair of boots of Jyen {+Inv}
Stlth    ..........             c - amulet of faith {Faith, !P}
HPRegen  0.41/turn              S - ring of Pyghustru {rN++ MR+ Int+2}
MPRegen  0.25/turn              A - +5 ring of slaying

@: no status effects
A: small, hooves 1, icy blue scales 1, rugged brown scales 1, agile 1, blink,
carnivore, deterioration 1, screaming 1
}: 3/15 runes: decaying, serpentine, silver
a: Blink, Lesser Healing, Heal Other, Purification, Greater Healing, Divine
Vigour, Divine Protection, Renounce Religion, Evoke Berserk Rage, Evoke
Invisibility


You were on level 1 of the Realm of Zot.
You worshipped Elyvilon.
Elyvilon was extremely pleased with you.
You were full.

You visited 10 branches of the dungeon, and saw 47 of its levels.
You also visited: Trove, Ice Cave, Volcano and Wizlab.

You collected 6832 gold pieces.
You spent 3673 gold pieces at shops.

Inventory:

Hand Weapons
 b - the +7 scimitar of Timmeipn (weapon) {freeze, +Rage Dex+3}
   (You bought it in a shop on level 5 of the Dungeon)

   It has been specially enchanted to freeze those struck by it, causing extra
   injury to most foes and up to half again as much damage against particularly
   susceptible opponents.
   It can also slow down cold-blooded creatures.
   It affects your dexterity (+3).
   It lets you go berserk.
 n - the +9 scimitar of Descent {protect, rC++ MR- Dex+2}
   (You acquired it on level 2 of the Snake Pit)

   It protects the one who uses it against injury (+AC on strike).
   It affects your dexterity (+2).
   It greatly protects you from cold.
   It affects your resistance to hostile enchantments.
Armour
 k - the +4 moon troll leather armour {Spirit, Regen++ MP+5, regen}
   (You took it off a moon troll in a wizard's laboratory)

   It affects your magic capacity (+5).
   It increases your rate of regeneration.
 m - +0 gold dragon scales (worn)
   (You found it on level 1 of the Realm of Zot)
 o - a +3 shield of reflection (worn)
   (You bought it in a shop on level 8 of the Dungeon)
 I - a +2 helmet of intelligence (worn)
   (You bought it in a shop on level 2 of the Orcish Mines)
 N - a +2 pair of gloves of dexterity (worn)
   (You acquired it on level 1 of the Swamp)
 Q - the +2 pair of boots of Jyen (worn) {+Inv}
   (You found it on level 6 of the Lair of Beasts)

   It lets you turn invisible.
 T - a +2 cloak of cold resistance (worn)
   (You found it in an ice cave)
Jewellery
 c - an amulet of faith (around neck) {Faith, !P}
   (You found it on level 2 of the Swamp)
 l - the ring of Mekoosupo {rElec rPois Int+5 Dex+2 Stlth+}
   (You took it off a spriggan defender on level 4 of the Depths)

   [ring of stealth]

   It affects your intelligence (+5).
   It affects your dexterity (+2).
   It insulates you from electricity.
   It protects you from poison.
   It makes you more stealthy.
 p - the ring of Nuvug {rF+ MR+ Stlth+}
   (You bought it in a shop on level 2 of the Orcish Mines)

   [ring of stealth]

   It protects you from fire.
   It affects your resistance to hostile enchantments.
   It makes you more stealthy.
 q - the ring "Teshrit" {Ice rN++ Dex-4}
   (You found it in a treasure trove)

   [ring of ice]

   It enhances your ice magic.
   It affects your dexterity (-4).
   It makes you vulnerable to fire.
   It protects you from cold.
   It greatly protects you from negative energy.
 w - an uncursed ring of see invisible {sInv, !d}
   (You bought it in a shop on level 2 of the Orcish Mines)
 A - a +5 ring of slaying (right hand)
   (You found it on level 5 of the Vaults)
 S - the ring of Pyghustru (left hand) {rN++ MR+ Int+2}
   (You found it in a wizard's laboratory)

   [ring of protection from magic]

   It affects your intelligence (+2).
   It greatly protects you from negative energy.
   It affects your resistance to hostile enchantments.
Wands
 s - a wand of flame (22)
   (You found it on level 1 of the Realm of Zot)
 B - a wand of acid (15)
   (You found it on level 7 of the Dungeon)
 D - a wand of iceblast (32)
   (You took it off a hobgoblin on level 8 of the Dungeon)
 U - a wand of digging (25)
   (You found it on level 12 of the Dungeon)
Scrolls
 e - 2 scrolls of magic mapping {!r}
 g - 2 scrolls of vulnerability {!r!r}
 j - 6 scrolls of fear
 r - 6 scrolls of teleportation
 t - 26 scrolls of remove curse
 x - a scroll of identify
 z - 9 scrolls of fog
 L - 4 scrolls of holy word {!r}
 R - 2 scrolls of enchant weapon
 X - 3 scrolls of blinking {!r}
 Z - 3 scrolls of immolation {!r}
Potions
 a - a potion of invisibility
 d - 3 potions of might
 h - 15 potions of curing
 i - 6 potions of cancellation
 u - 4 potions of agility
 v - 3 potions of haste
 y - a potion of ambrosia
 E - 6 potions of heal wounds
 F - 5 potions of magic
 G - 4 potions of mutation {!q}
 K - a potion of flight
 M - a potion of brilliance
 P - 3 potions of resistance
Miscellaneous
 C - a fan of gales
   (You found it on level 4 of the Lair of Beasts)
 J - a sack of spiders
 O - a lamp of fire
   (You found it on level 6 of the Lair of Beasts)
 V - a phial of floods
   (You found it on level 3 of the Elven Halls)
Comestibles
 f - 34 rations


   Skills:
 + Level 21.6 Fighting
   Level 3.8(14.1) Short Blades
 - Level 13.9(14.0) Long Blades
   Level 2.0 Maces & Flails
 + Level 16.7 Armour
 + Level 22.5 Dodging
 + Level 16.7 Shields
 + Level 19.0 Invocations
 - Level 10.6 Evocations


You had 26 spell levels left.
You didn't know any spells.

Dungeon Overview and Level Annotations

Branches:
Dungeon (15/15)            Temple (0/1) D:7            Lair (6/6) D:10
  Swamp (4/4) Lair:3        Snake (4/4) Lair:3        Slime (0/5) Lair:6
    Orc (2/2) D:9             Elf (3/3) Orc:2        Vaults (5/5) D:14
  Crypt (0/3) Vaults:2     Depths (5/5) D:15           Hell (1/1)
    Zot (2/5) Depths:5
    Dis: Hell:1         Geh: Hell:1         Coc: Hell:1         Tar: Hell:1

Altars:
Cheibriados
Elyvilon
Gozag
Kikubaaqudgha
Nemelex Xobeh
Okawaru
Ru
Trog
Uskayaw
Vehumet
Xom
Yredelemnul
Zin
Jiyva

Shops:
D:5 (?}   D:8 [((   Orc:2 *:==   Elf:2 *   Elf:3 ((?(   Snake:1 !
Snake:2 !*[}   Snake:3 (   Vaults:1 !   Depths:1 :   Depths:2 !

Portals:
Hell: Depths:1 Depths:2 Depths:3 Depths:4 Depths:5
Abyss: Depths:4
Pandemonium: Depths:3
Ziggurat: Depths:1

Annotations:
Zot:1 1 transporter


Innate Abilities, Weirdness & Mutations

You are small and have problems with some larger weapons.
You are carnivorous and can eat meat at any time.
You have large cloven feet.
You are partially covered in icy blue scales. (AC +2)
You are partially covered in rugged brown scales. (AC +1, +3% HP)
You are agile. (Dex +2)
You can translocate small distances at will.
Your body sometimes deteriorates upon taking damage.
You occasionally shout uncontrollably at your foes.


Message History

You hear a distant "Zot"! x4
You regained 2 hp, and now have 140/188 hp.
You hear a distant "Zot"!
There is a stone staircase leading down, spattered with blood here.
You start resting.
You hear a distant "Zot"! x216
Health restored: 188 You hear a distant "Zot"!
You climb downwards.
The storm dragon breathes lightning at you.
The bolt of lightning misses you.
The bolt of lightning hits the electric golem.
The electric golem completely resists.
The electric golem hits you but does no damage. x3
You block the electric golem's attack.
You hear a deafening roar!
There is a stone staircase leading up, spattered with blood here.
The electric golem barely misses you.
The electric golem hits you but does no damage.
The electric golem hits you.
The electric golem hits you but does no damage.
You block the storm dragon's attack.
The storm dragon claws you but does no damage.
You block the storm dragon's attack.
You climb upwards.
Level annotation: 1 transporter You hear a distant "Zot"! x4
There is a stone staircase leading down, spattered with blood here.
You take 2 damage, and have 186/188 hp.
You slash the storm dragon! You freeze the storm dragon.
The electric golem crackles and sizzles.
The electric golem blinks!
You block the storm dragon's attack. x2
The storm dragon tramples you but does no damage.
You hit the storm dragon but do no damage.
The electric golem hurls lightning at you.
The bolt of lightning hits the storm dragon.
The storm dragon completely resists.
The bolt of lightning hits you!
You block the storm dragon's attack. x2; The storm dragon misses you.
The electric golem blinks!
You take 25 damage, and have 161/188 hp.
You hit the storm dragon.
The electric golem hurls lightning at you.
The bolt of lightning misses you.
Your gold dragon scales prevents you from hitting the storm dragon.
The storm dragon bites you! You block the storm dragon's attack. x2
You hear a distant "Zot"!
The electric golem hurls lightning at you.
The bolt of lightning hits you!
You hear a distant "Zot"!
You take 31 damage, and have 131/188 hp.
You slice the storm dragon!! You freeze the storm dragon.
You block the storm dragon's attack. The storm dragon claws you.
You block the storm dragon's attack.
You hear a distant "Zot"!
You take 2 damage, and have 129/188 hp.
You barely miss the storm dragon. The storm dragon misses you.
You riposte.
You hit the storm dragon. You block the storm dragon's attack.
The storm dragon misses you.
You slash the storm dragon! You freeze the storm dragon.
The storm dragon breathes lightning at you.
The bolt of lightning misses you.
The electric golem hurls lightning at you.
The bolt of lightning hits you!
Your body deteriorates!
You feel weakened. The bolt of lightning misses you.
You take 27 damage, and have 103/188 hp.
You are too injured to fight recklessly!
You are too injured to fight recklessly!
You are too injured to fight recklessly!
You are too injured to fight recklessly!
You hear a distant "Zot"!
You see here a mace.
You hear a distant "Zot"!
The storm dragon breathes lightning at you.
The bolt of lightning hits you!
You hear a distant "Zot"! x3
You take 15 damage, and have 89/188 hp.
You hit the storm dragon but do no damage.
The electric golem hurls lightning at you.
The bolt of lightning hits the storm dragon.
The storm dragon completely resists.
The bolt of lightning hits you!
You hear a distant "Zot"! x2
You take 26 damage, and have 63/188 hp.
You hit the storm dragon but do no damage.
You block the storm dragon's attack.
The storm dragon claws you but does no damage.
You block the storm dragon's attack.
You hear a distant "Zot"!
You slash the storm dragon! You freeze the storm dragon.
The electric golem hurls lightning at you.
The bolt of lightning misses the storm dragon.
The bolt of lightning hits you!
* * * LOW HITPOINT WARNING * * *
Your body deteriorates!
You feel clumsy.
You hear a distant "Zot"!
The storm dragon breathes lightning at you.
The bolt of lightning hits you!
You die...

#.##......≈≈≈≈#
#.##......≈≈≈≈#
#.##......≈≈≈≈#
#.##......≈≈≈≈#
#.##[.....≈≈≈≈######
#.#>).8..........≈≈#
#.#8####≈≈≈≈........
#.#D# #≈≈≈≈.≈......
#.#@# #≈≈≈≈........
##.#.# #≈≈≈≈........
#..#.# ##≈≈.........
#..#.# ##..........
#..#.#####...........
#..#.................
#..#.#####...........
#..#.# ###[..........
#..#.# #.............


You could see an electric golem and a storm dragon.

Vanquished Creatures
  An orb of fire (Zot:1)
  An ancient lich (Vaults:5)
  3 juggernauts
  Geryon (Hell)
  4 golden dragons
  A bone dragon (Depths:5)
  4 liches
  An electric golem (Zot:1)
  Jorgrun (Vaults:1)
  6 tentacled monstrosities
  9 titans
  2 deep elf blademasters
  The ghost of p0werm0de the Pandemonic, an adept DDFi of Makhleb (Vaults:5)
  7 quicksilver dragons
  A deep elf master archer (Elf:3)
  10 tentacled starspawn (WizLab)
  Gastronok (Lair:2)
  A death cob (Zot:1)
  10 tengu reavers
  Donald (Swamp:2)
  4 sphinxes
  An azure jelly (shapeshifter) (Vaults:4)
  3 shadow dragons
  4 storm dragons
  9 nagarajas
  2 draconian knights (Zot:1)
  A deep elf sorcerer (Elf:3)
  5 fire giants
  Louise (Swamp:4)
  15 vault wardens
  A cacodemon (WizLab)
  12 frost giants
  A caustic shrike zombie (Depths:3)
  Aizul (Snake:1)
  2 iron dragons (Vaults:4)
  A draconian shifter (Depths:5)
  3 draconian stormcallers
  A curse skull (Vaults:2)
  3 spriggan defenders
  7 deep elf elementalists (Elf:3)
  A ghoul (Vaults:2)
  4 reapers
  12 very ugly things
  29 stone giants
  3 vampire knights
  2 draconian annihilators (Zot:1)
  A green draconian (Zot:1)
  13 ironheart preservers
  2 war gargoyles
  5 deep elf demonologists
  The ghost of KlownO the Severer, a journeyman MiFi of Qazlal (D:14)
  14 deep elf annihilators
  2 white draconians (Zot:1)
  5 yellow draconians
  7 red draconians
  A black draconian (Zot:1)
  4 purple draconians (Zot:1)
  9 ettins
  5 deep elf death magi
  A blizzard demon (Depths:1)
  A jiangshi (Vaults:2)
  A quicksilver dragon zombie (Depths:1)
  15 fire dragons
  13 yaktaur captains
  4 great orbs of eyes
  3 small abominations
  9 deep elf high priests
  Fannar (Lair:1)
  A quicksilver dragon skeleton (Depths:3)
  6 rakshasas
  Harold (Lair:1)
  36 vault guards
  24 naga warriors
  10 ice dragons
  A juggernaut simulacrum (Depths:3)
  21 hydras
  A ghost crab (Swamp:1)
  A spriggan air mage (Depths:3)
  3 hell beasts (Depths:1)
  A catoblepas (D:15)
  Erica (D:10)
  7 anacondas
  3 death knights
  13 centaur warriors
  17 ogre magi
  The ghost of mhoghedin the Fighter, a journeyman KoHu of Okawaru (Lair:2)
  47 two-headed ogres
  5 alligators
  5 deep troll shamans
  28 dancing weapons
  2 tengu warriors (Depths:2)
  3 vampire magi
  9 death yaks (Lair:6)
  2 hell hogs (Depths:1)
  A spriggan berserker (Depths:2)
  10 naga sharpshooters
  6 shock serpents
  3 orc high priests (Orc:2)
  13 deep troll earth magi
  The ghost of Soeti the Insei, a novice OpTm of Cheibriados (D:8)
  A shock serpent (shapeshifter) (Vaults:4)
  6 sun demons (Depths:1)
  23 deep elf knights
  A fire crab (shapeshifter) (Depths:2)
  A hell knight (Depths:5)
  3 salamander mystics
  A wretched star (WizLab)
  3 sea snakes (Snake:4)
  A shadow wraith (Vaults:1)
  A skeletal warrior (Vaults:2)
  A sixfirhy (Depths:1)
  3 unseen horrors
  A sea snake (shapeshifter) (D:15)
  2 iron trolls (Depths:1)
  3 flayed ghosts
  2 large abominations (Elf:3)
  3 spriggan druids
  A death drake (shapeshifter) (Vaults:4)
  12 glowing orange brains
  10 deep elf archers
  28 deep trolls
  3 lindwurms
  7 necromancers
  An orange crystal statue (WizLab)
  16 ironbrand convokers
  A lindwurm (shapeshifter) (Vaults:4)
  A shambling mangrove (Swamp:3)
  8 naga ritualists
  12 swamp dragons
  3 wizards
  Pikel (D:5)
  8 mana vipers
  17 orc knights
  A tengu zombie (Vaults:5)
  7 phantasmal warriors
  2 harpies (shapeshifter)
  11 harpies
  9 orc sorcerers
  54 ugly things
  A wolf spider zombie (D:15)
  A fire giant zombie (Depths:3)
  55 deep elf magi
  A shadow dragon skeleton (Vaults:5)
  A tengu skeleton (Depths:3)
  24 salamanders
  11 cyclopes
  A manticore (D:12)
  A shining eye (shapeshifter) (Vaults:5)
  A wolf spider (Vaults:1)
  A moth of wrath (shapeshifter) (Depths:3)
  A shock serpent zombie (Hell)
  20 vault sentinels
  8 moths of wrath (Zot:1)
  A fire giant skeleton (Vaults:5)
  A centaur zombie (D:10)
  27 naga magi
  4 rust devils (Depths:1)
  11 elephants
  A water nymph (shapeshifter) (Vaults:5)
  20 black mambas
  2 eyes of devastation (WizLab)
  3 guardian serpents
  2 ice statues (IceCv)
  2 elf zombies
  3 torpor snails (Lair:1)
  16 spiny frogs
  10 rime drakes
  A gargoyle (D:14)
  2 spiny frogs (shapeshifter)
  6 komodo dragons
  36 yaktaurs
  3 red devils
  5 freezing wraiths
  10 ice devils
  A queen bee (D:13)
  3 meliai (D:13)
  2 tengu conjurers (Depths:2)
  A hornet (shapeshifter) (Vaults:1)
  13 hornets
  3 polar bears
  2 trolls (shapeshifter)
  A hydra zombie (Hell)
  A meliai (shapeshifter) (Vaults:1)
  2 jumping spiders
  7 trolls
  A tengu simulacrum (Vaults:1)
  4 tyrant leeches
  A blink frog (shapeshifter) (Elf:3)
  2 bog bodies
  Grinder (D:4)
  A stone giant simulacrum (Vaults:5)
  Prince Ribbit (D:8)
  18 blink frogs
  A sphinx simulacrum (Vaults:2)
  37 slime creatures
  A raiju (shapeshifter) (Depths:2)
  11 hippogriffs
  6 spriggans
  3 redbacks (Vaults:3)
  Sigmund (D:6)
  2 air elementals
  3 shadows
  2 tarantellas
  4 water elementals
  12 starcursed masses (WizLab)
  2 wraiths
  21 yaks
  Eustachio (D:5)
  8 wyverns
  A hungry ghost (D:10)
  An ettin skeleton (Vaults:5)
  4 fire bats (Volcano)
  4 hogs (D:8)
  A human (D:8)
  3 basilisks
  4 fire elementals
  8 golden eyes (WizLab)
  5 steam dragons (Lair:4)
  13 vampire mosquitoes
  9 wargs
  A yaktaur simulacrum (Depths:1)
  12 insubstantial wisps
  48 nagas
  12 swamp worms
  An acid dragon (Vaults:1)
  16 water moccasins
  3 floating eyes
  3 hell hounds
  8 porcupines
  8 hydra simulacra (Depths:2)
  3 sky beasts
  2 human zombies
  2 phantoms
  3 ice beasts
  3 black bears
  32 orc warriors
  A slave (D:5)
  2 ettin simulacra (Vaults:3)
  10 swamp drakes
  A black bear (shapeshifter) (Vaults:2)
  2 eyes of draining (shapeshifter)
  6 wolves
  A wolf (shapeshifter) (Vaults:1)
  7 boggarts
  An ogre (shapeshifter) (Depths:4)
  42 ogres
  23 centaurs
  14 crocodiles
  An elf simulacrum (Vaults:1)
  Blork the orc (D:5)
  2 big kobolds
  21 bullfrogs
  A water moccasin zombie (D:11)
  A gnoll sergeant (D:8)
  4 scorpions
  27 killer bees
  6 wights
  5 howler monkeys
  9 crimson imps
  A human simulacrum (Vaults:1)
  3 jellies
  2 iron imps
  3 bullfrog zombies
  20 orc priests
  3 gnoll shamans (D:8)
  12 hounds
  2 bullfrog skeletons (D:12)
  4 centaur skeletons
  Jessica (D:3)
  2 iguanas
  24 orc wizards
  9 worker ants
  A hound zombie (D:11)
  A howler monkey zombie (D:7)
  A worker ant zombie (D:7)
  9 gnolls (D:8)
  9 adders
  4 shadow imps
  19 white imps
  5 ufetubi (IceCv)
  An ooze (D:1)
  An adder skeleton (D:8)
  3 worms
  A dart slug (D:1)
  A leopard gecko (D:3)
  81 orcs
  A ball python (D:4)
  8 giant cockroaches
  3 goblins
  13 hobgoblins
  8 jackals
  2 quokkas
  8 bats
  4 frilled lizards
  19 kobolds
  A quokka zombie (D:5)
  11 rats
  A plant (Depths:2)
  14 starspawn tentacles (WizLab)
2050 creatures vanquished.

Vanquished Creatures (collateral kills)
  A moon troll (WizLab)
  A ghost moth (shapeshifter) (Vaults:4)
  A deep elf annihilator (Elf:3)
3 creatures vanquished.

Vanquished Creatures (others)
  A caustic shrike (Depths:3)
  Asterion (Vaults:3)
  A deep elf sorcerer (Elf:3)
  A vault warden (Vaults:4)
  A stone giant (Vaults:3)
  An entropy weaver (shapeshifter) (Vaults:2)
  An entropy weaver (Vaults:4)
  4 yaktaur captains
  A hydra (Swamp:4)
  A catoblepas (Lair:6)
  An ogre mage (Vaults:2)
  A shock serpent (Snake:1)
  2 naga sharpshooters
  2 deep elf knights (Elf:2)
  A flayed ghost (Depths:4)
  A lindwurm (Lair:6)
  A shadow dragon zombie (Depths:3)
  A harpy (Vaults:2)
  3 deep elf magi
  3 cyclopes
  A fire giant skeleton (Depths:3)
  An ugly thing (D:15)
  A moth of wrath (Zot:1)
  A black mamba (Lair:6)
  A naga mage (Snake:2)
  5 yaktaurs
  2 rime drakes
  A shadow dragon simulacrum (Vaults:5)
  2 water elementals
  A human (shapeshifter) (Vaults:5)
  A steam dragon (Lair:4)
  A vampire mosquito (D:15)
  A warg (Vaults:1)
  An acid dragon (Vaults:2)
  A slave (D:5)
  An orc warrior (D:14)
  4 boggarts
  A tengu (shapeshifter) (Depths:4)
  2 ogres (Vaults:2)
  7 centaurs
  A bullfrog (Lair:1)
  An orc priest (Vaults:1)
  An orc wizard (Orc:2)
  An adder (D:11)
  5 white imps
  4 ufetubi (IceCv)
  A ball lightning (Zot:1)
  2 orcs
  A giant cockroach (D:5)
  A bush (Lair:3)
  8 demonic plants (WizLab)
  10 fungi
  37 plants
  19 starspawn tentacles (WizLab)
157 creatures vanquished.

Grand Total: 2210 creatures vanquished

Notes
Turn   | Place    | Note
-------+----------+-------------------------------------------
     0 | D:1      | mhoghedin the Kobold Fighter began the quest for the Orb.
     0 | D:1      | Reached XP level 1. HP: 14/14 MP: 1/1
   154 | D:1      | Noticed a troll
   408 | D:1      | Reached skill level 2 in Maces & Flails
   488 | D:1      | Reached XP level 2. HP: 19/19 MP: 2/2
   504 | D:1      | Reached skill level 1 in Short Blades
   787 | D:1      | Reached XP level 3. HP: 24/24 MP: 3/3
   896 | D:1      | Reached skill level 4 in Fighting
   898 | D:1      | Reached skill level 2 in Short Blades
  1311 | D:2      | You fall through a shaft!
  1533 | D:3      | Reached XP level 4. HP: 24/29 MP: 4/4
  1658 | D:3      | Noticed Jessica
  1669 | D:3      | Killed Jessica
  1669 | D:3      | Reached skill level 3 in Short Blades
  1942 | D:3      | Reached XP level 5. HP: 29/34 MP: 2/5
  2092 | D:3      | Found a radiant altar of Vehumet.
  2185 | D:3      | Found a glowing silver altar of Zin.
  2795 | D:4      | Noticed a bullfrog
  2802 | D:4      | Killed a bullfrog
  2802 | D:4      | Reached skill level 5 in Fighting
  2802 | D:4      | Reached skill level 1 in Dodging
  2906 | D:4      | Reached XP level 6. HP: 31/40 MP: 6/6
  3024 | D:4      | Found a sacrificial altar of Ru.
  3162 | D:4      | Reached skill level 2 in Dodging
  3237 | D:4      | Noticed Grinder
  3242 | D:4      | Reached skill level 3 in Shields
  3271 | D:4      | Killed Grinder
  3271 | D:4      | Reached skill level 3 in Armour
  3271 | D:4      | Reached skill level 3 in Dodging
  3271 | D:4      | Reached XP level 7. HP: 18/45 MP: 4/7
  3759 | D:5      | Entered Level 5 of the Dungeon
  3759 | D:5      | Noticed Blork the orc
  3768 | D:5      | Killed Blork the orc
  3768 | D:5      | Reached skill level 6 in Fighting
  3861 | D:5      | Found Duas's Gadget Shoppe.
  3885 | D:5      | Found a sparkling altar of Nemelex Xobeh.
  3911 | D:5      | Reached XP level 8. HP: 50/51 MP: 8/8
  3920 | D:5      | Noticed Pikel
  3944 | D:5      | Killed Pikel
  3944 | D:5      | Reached skill level 4 in Armour
  3944 | D:5      | Reached skill level 4 in Dodging
  3944 | D:5      | Reached skill level 4 in Shields
  4063 | D:5      | Found Fafots's Magic Scroll Emporium.
  4098 | D:5      | Found Zuaquapn's Antique Weapon Emporium.
  4206 | D:5      | Found a white marble altar of Elyvilon.
  4250 | D:5      | Became a worshipper of Elyvilon the Healer
  4358 | D:5      | Noticed Eustachio
  4365 | D:5      | Killed Eustachio
  4704 | D:5      | Bought a steaming scimitar for 243 gold pieces
  4704 | D:5      | Identified the +7 scimitar of Timmeipn {freeze, +Rage Dex+3} (You bought it in a shop on level 5 of the Dungeon)
  4778 | D:6      | Found a shimmering altar of Xom.
  4812 | D:6      | Reached skill level 1 in Long Blades
  4882 | D:6      | Noticed Sigmund
  4892 | D:6      | Killed Sigmund
  4892 | D:6      | Reached skill level 3 in Long Blades
  4892 | D:6      | Reached XP level 9. HP: 56/56 MP: 9/9
  4926 | D:6      | Reached * piety under Elyvilon
  4984 | D:6      | Reached skill level 4 in Long Blades
  5105 | D:6      | Found a basalt altar of Yredelemnul.
  5469 | D:7      | Noticed a hippogriff
  5476 | D:7      | Killed a hippogriff
  5476 | D:7      | Reached skill level 5 in Long Blades
  5563 | D:7      | Found a white marble altar of Elyvilon.
  5608 | D:7      | Reached ** piety under Elyvilon
  5625 | D:7      | Reached skill level 1 in Invocations
  5722 | D:7      | Reached skill level 2 in Invocations
  5819 | D:7      | Found a staircase to the Ecumenical Temple.
  5839 | D:7      | Noticed a hippogriff
  5849 | D:7      | Killed a hippogriff
  5849 | D:7      | Reached skill level 6 in Long Blades
  5849 | D:7      | Reached skill level 3 in Invocations
  6092 | D:8      | Found Pomics's Armour Emporium.
  6171 | D:8      | Noticed Soeti's ghost (novice OpTm)
  6179 | D:8      | Killed Soeti's ghost
  6179 | D:8      | Reached skill level 5 in Invocations
  6179 | D:8      | Reached XP level 10. HP: 59/61 MP: 11/13
  6205 | D:8      | Reached skill level 7 in Long Blades
  6205 | D:8      | Reached skill level 1 in Evocations
  6242 | D:8      | Reached *** piety under Elyvilon
  6277 | D:8      | Reached skill level 2 in Evocations
  6285 | D:8      | Found a radiant altar of Vehumet.
  6321 | D:8      | Found Noteczorph's Weapon Emporium.
  6353 | D:8      | Found Jeps's Weapon Shop.
  6373 | D:8      | Noticed Maurice
  6389 | D:8      | Reached skill level 5 in Dodging
  6434 | D:8      | Noticed Maurice
  6440 | D:8      | Killed Maurice the rime drake
  6440 | D:8      | Reached skill level 7 in Fighting
  6506 | D:8      | Noticed Prince Ribbit
  6606 | D:8      | Killed Prince Ribbit
  6606 | D:8      | Reached skill level 6 in Invocations
  6702 | D:8      | Reached skill level 3 in Evocations
  7065 | D:8      | Reached XP level 11. HP: 42/67 MP: 10/15
  7071 | D:8      | HP: 23/100 [hog (7)]
  7561 | D:9      | Reached skill level 5 in Shields
  7569 | D:9      | Reached skill level 6 in Dodging
  7573 | D:9      | Found a hide-covered altar of Uskayaw.
  7725 | D:9      | Found a staircase to the Orcish Mines.
  7731 | D:9      | Found an ancient bone altar of Kikubaaqudgha.
  7731 | D:9      | Found a bloodstained altar of Trog.
  8084 | D:8      | Bought a +1 shield of reflection for 175 gold pieces
  8135 | D:10     | Entered Level 10 of the Dungeon
  8144 | D:10     | Reached skill level 5 in Armour
  8144 | D:10     | Reached skill level 4 in Evocations
  8271 | D:10     | Noticed a two-headed ogre
  8279 | D:10     | Killed a two-headed ogre
  8475 | D:10     | Reached **** piety under Elyvilon
  8710 | D:10     | Noticed Erica
  8724 | D:10     | Reached skill level 7 in Invocations
  8737 | D:10     | Killed Erica
  8737 | D:10     | Reached skill level 8 in Fighting
  8962 | D:10     | Found a staircase to the Lair.
  9042 | D:10     | Found a portal to a secret trove of treasure.
  9354 | Lair:1   | Entered Level 1 of the Lair of Beasts
  9437 | Lair:1   | Noticed Harold
  9453 | Lair:1   | Killed Harold
  9453 | Lair:1   | Reached skill level 7 in Dodging
  9615 | Lair:1   | Reached skill level 8 in Long Blades
  9628 | Lair:1   | Reached XP level 12. HP: 20/75 MP: 5/17
  9946 | Lair:1   | Reached skill level 5 in Evocations
 10008 | Lair:1   | Noticed Fannar
 10220 | Lair:1   | Identified a scroll of acquirement
 10362 | Lair:1   | Killed Fannar
 10362 | Lair:1   | Reached skill level 6 in Shields
 10714 | Lair:1   | Found a snail-covered altar of Cheibriados.
 10739 | Lair:1   | Reached skill level 6 in Armour
 11291 | Lair:2   | Noticed mhoghedin's ghost (journeyman KoHu)
 11406 | Lair:2   | Reached skill level 8 in Invocations
 11431 | Lair:2   | Reached ***** piety under Elyvilon
 11517 | Lair:2   | Killed mhoghedin's ghost
 11529 | Lair:2   | Reached skill level 8 in Dodging
 11539 | Lair:2   | Reached skill level 9 in Fighting
 11540 | Lair:2   | Reached skill level 6 in Evocations
 11941 | Lair:2   | Noticed a four-headed hydra
 11950 | Lair:2   | Killed a one-headed hydra
 12382 | Lair:3   | HP: 20/91 [naga/battleaxe (3)]
 12387 | Lair:3   | HP: 12/91 [poisoned by a naga (splash of poison)]
 12392 | Lair:2   | HP: 11/91 [poisoned by a naga (splash of poison)]
 12397 | Lair:2   | HP: 11/91 [poisoned by a naga (splash of poison)]
 12719 | Lair:3   | Found a staircase to the Snake Pit.
 12738 | Lair:3   | Reached XP level 13. HP: 77/80 MP: 17/19
 12851 | Lair:3   | Reached skill level 9 in Long Blades
 12913 | Lair:3   | Reached skill level 10 in Fighting
 13145 | Lair:3   | Noticed a seven-headed hydra
 13153 | Lair:3   | Killed a three-headed hydra
 13802 | Lair:3   | Found a staircase to the Swamp.
 13823 | Lair:3   | Noticed an eight-headed hydra
 13831 | Lair:3   | Killed a three-headed hydra
 14130 | Lair:3   | Reached skill level 9 in Dodging
 14236 | Lair:4   | Got an encrusted chain mail
 14285 | Lair:4   | Identified the +0 chain mail of Trog's Reproof {*Slow rF+ rC+} (You found it on level 4 of the Lair of Beasts)
 14311 | Lair:4   | Reached skill level 11 in Fighting
 14335 | Lair:4   | Reached skill level 10 in Long Blades
 14899 | Lair:4   | Was placed under penance by Elyvilon
 14998 | Lair:4   | Noticed a fire dragon
 15144 | Lair:4   | Reached skill level 10 in Dodging
 15302 | Lair:4   | Killed a fire dragon
 15671 | Lair:5   | Reached XP level 14. HP: 73/90 MP: 20/20
 16415 | Lair:5   | Was forgiven by Elyvilon
 17006 | Lair:6   | Entered Level 6 of the Lair of Beasts
 17130 | Lair:6   | Reached skill level 7 in Shields
 17449 | Lair:6   | Found a viscous altar of Jiyva.
 17449 | Lair:6   | Found a staircase to the Slime Pits.
 17462 | Lair:6   | Reached skill level 12 in Fighting
 17703 | Lair:6   | Reached skill level 7 in Armour
 17721 | Lair:6   | HP: 23/92 [wyvern (7)]
 18114 | Lair:6   | Reached skill level 11 in Dodging
 18505 | Lair:6   | Got a pair of encrusted boots
 18523 | Lair:6   | Identified the +2 pair of boots of Jyen {+Inv} (You found it on level 6 of the Lair of Beasts)
 18897 | Lair:6   | Reached skill level 11 in Long Blades
 18905 | Lair:6   | Reached XP level 15. HP: 79/97 MP: 14/21
 19666 | D:11     | Found a frozen archway.
 19701 | IceCv    | Entered an ice cave
 20201 | IceCv    | Reached skill level 7 in Evocations
 20318 | IceCv    | Noticed a reaper
 20341 | IceCv    | Killed a reaper
 20357 | IceCv    | Reached skill level 9 in Invocations
 20514 | IceCv    | Reached skill level 8 in Shields
 21524 | D:12     | Found a shimmering altar of Xom.
 22306 | D:13     | Reached skill level 8 in Armour
 22306 | D:13     | Reached skill level 12 in Dodging
 22398 | D:13     | Found an opulent altar of Gozag.
 23499 | D:14     | Noticed KlownO's ghost (journeyman MiFi)
 23502 | D:14     | Found a sacrificial altar of Ru.
 23511 | D:14     | Killed KlownO's ghost
 23520 | D:14     | Reached skill level 13 in Fighting
 23547 | D:14     | Reached skill level 8 in Evocations
 23804 | D:14     | Paralysed by an orc sorcerer for 4 turns
 24084 | D:14     | Found a gate to the Vaults.
 24336 | D:14     | Reached XP level 16. HP: 104/104 MP: 23/23
 24558 | D:15     | Entered Level 15 of the Dungeon
 25027 | D:15     | Was placed under penance by Elyvilon
 25027 | D:15     | Reached skill level 9 in Shields
 25031 | D:15     | HP: 26/104 [yaktaur/bolt (2)]
 25039 | D:15     | HP: 19/104 [two-headed ogre/giant club (9)]
 25065 | D:15     | HP: 22/104 [two-headed ogre/dire flail (2)]
 25665 | D:15     | Reached skill level 9 in Armour
 25769 | D:15     | Reached skill level 13 in Dodging
 26429 | D:15     | Found a staircase to the Depths.
 26767 | Swamp:1  | Entered Level 1 of the Swamp
 26988 | Swamp:1  | Reached skill level 12 in Long Blades
 27042 | Swamp:1  | Gained mutation: You are agile. (Dex +2) [potion of mutation]
 27042 | Swamp:1  | Gained mutation: Armour fits poorly on your strangely shaped body. [potion of mutation]
 27042 | Swamp:1  | Lost mutation: Armour fits poorly on your strangely shaped body. [potion of mutation]
 27042 | Swamp:1  | Gained mutation: You can translocate small distances at will. [potion of mutation]
 27664 | Swamp:2  | Noticed Donald
 27667 | Swamp:2  | Reached XP level 17. HP: 110/110 MP: 24/24
 27681 | Swamp:2  | Killed Donald
 27681 | Swamp:2  | Reached skill level 14 in Fighting
 27802 | Swamp:2  | Was forgiven by Elyvilon
 28562 | Swamp:3  | Reached ****** piety under Elyvilon
 28857 | Swamp:3  | Got a spiked hat
 28949 | Swamp:3  | Got a thick robe
 28960 | Swamp:3  | Identified the cursed +0 hat "Cikiz" {rElec rF+ rC- Str+4} (You found it on level 3 of the Swamp)
 28970 | Swamp:3  | Identified the cursed +1 robe "Goskyschi" {Int+3 Stlth+} (You found it on level 3 of the Swamp)
 29112 | Swamp:4  | Entered Level 4 of the Swamp
 29245 | Swamp:4  | Noticed Louise
 29470 | Swamp:4  | Killed Louise
 29511 | Swamp:4  | Reached skill level 10 in Shields
 29552 | Swamp:4  | Reached skill level 14 in Dodging
 29669 | Swamp:4  | Reached skill level 10 in Armour
 29685 | Swamp:4  | HP: 28/112 [poisoned by a swamp dragon (blast of poison)]
 29690 | Swamp:4  | HP: 21/112 [poisoned by a swamp dragon (blast of poison)]
 29695 | Swamp:3  | HP: 25/112 [swamp dragon (2)]
 29705 | Swamp:3  | HP: 38/168 [swamp dragon (3)]
 30540 | Swamp:4  | Got a decaying rune of Zot
 30667 | Snake:1  | Entered Level 1 of the Snake Pit
 30941 | Snake:1  | Noticed Aizul
 30957 | Snake:1  | Killed Aizul
 31185 | Snake:1  | Reached XP level 18. HP: 71/118 MP: 21/25
 32193 | Snake:1  | Found Jillag's Distillery.
 32200 | Snake:1  | Bought 2 potions of heal wounds for 180 gold pieces
 32718 | Snake:1  | Reached skill level 15 in Fighting
 33259 | Snake:2  | Found Yrasad's Gadget Emporium.
 33259 | Snake:2  | Found Vaobb's Distillery.
 33260 | Snake:2  | Found Iphutih's Assorted Antiques.
 33264 | Snake:2  | Found Asast's Antique Armour Emporium.
 33302 | Snake:2  | Bought a scroll of acquirement for 1144 gold pieces
 33305 | Snake:2  | Got a smoking scimitar
 33306 | Snake:2  | Identified the +9 scimitar of Descent {protect, rC++ MR- Dex+2} (You acquired it on level 2 of the Snake Pit)
 33314 | Snake:2  | Bought an ancient scale mail for 297 gold pieces
 33332 | Snake:2  | Identified the cursed +0 scale mail of Subjectivity {rCorr} (You bought it in a shop on level 2 of the Snake Pit)
 34343 | Snake:3  | Found an iron altar of Okawaru.
 34356 | Snake:3  | Reached skill level 15 in Dodging
 34453 | Snake:3  | Reached skill level 13 in Long Blades
 34625 | Snake:3  | Found Akluasuwk's Antique Weapon Boutique.
 34697 | Snake:3  | Found a white marble altar of Elyvilon.
 35373 | Snake:3  | Got a crude tin ring
 35428 | Snake:3  | Identified the ring of the Endless Expanse {rCorr rElec MR+ Dex+2} (You took it off a naga on level 3 of the Snake Pit)
 36405 | Snake:3  | Reached XP level 19. HP: 120/124 MP: 24/26
 36605 | Snake:4  | Entered Level 4 of the Snake Pit
 36742 | Snake:4  | Reached skill level 11 in Shields
 36798 | Snake:4  | Reached skill level 10 in Invocations
 36832 | Snake:4  | Reached skill level 11 in Armour
 37830 | Snake:4  | Got a serpentine rune of Zot
 38643 | Vaults:1 | Entered Level 1 of the Vaults
 39743 | Vaults:1 | Reached skill level 16 in Fighting
 39753 | Vaults:1 | Reached skill level 11 in Invocations
 39860 | Vaults:1 | Reached skill level 16 in Dodging
 39874 | Vaults:1 | Reached XP level 20. HP: 131/131 MP: 28/28
 39969 | Vaults:1 | Noticed Jorgrun
 39982 | Vaults:1 | Killed Jorgrun
 40438 | Vaults:1 | Found Atioruirey's Distillery.
 40781 | Vaults:2 | HP: 40/198 [something/vampiric draining (14)]
 41017 | Vaults:2 | Found a staircase to the Crypt.
 41545 | Vaults:2 | Reached skill level 12 in Shields
 41839 | Vaults:2 | Reached skill level 12 in Armour
 42333 | Vaults:2 | Reached skill level 12 in Invocations
 43574 | Vaults:3 | Reached XP level 21. HP: 110/137 MP: 24/30
 43952 | Vaults:3 | Noticed Asterion
 43961 | Vaults:3 | Killed Asterion
 43961 | Vaults:3 | Reached skill level 17 in Dodging
 44573 | Vaults:3 | Reached skill level 17 in Fighting
 45755 | Vaults:4 | Reached skill level 13 in Invocations
 46014 | Vaults:4 | HP: 30/139 [frost giant/bolt of cold (24)]
 46015 | Vaults:4 | HP: 12/139 [frost giant/battleaxe of freezing (6)]
 46881 | Lair:2   | Noticed Gastronok
 46896 | Lair:2   | Killed Gastronok
 46971 | Snake:2  | Bought a gilded ring for 110 gold pieces
 46971 | Snake:2  | Bought a scroll of identify for 44 gold pieces
 47321 | Vaults:4 | Reached XP level 22. HP: 144/145 MP: 31/31
 47493 | Vaults:4 | Reached skill level 13 in Shields
 47992 | Vaults:4 | Reached skill level 13 in Armour
 48128 | Vaults:5 | Entered Level 5 of the Vaults
 48135 | Vaults:5 | Reached skill level 18 in Dodging
 49125 | Vaults:4 | Reached skill level 14 in Invocations
 49303 | Vaults:4 | Reached skill level 18 in Fighting
 50919 | Vaults:4 | Reached XP level 23. HP: 104/152 MP: 23/33
 52504 | Vaults:5 | Noticed a golden dragon
 52652 | Vaults:5 | Pacified a golden dragon
 52672 | Vaults:4 | HP: 33/152 [titan (33)]
 53879 | Vaults:5 | Reached skill level 19 in Dodging
 53882 | Vaults:5 | Noticed an ancient lich
 53900 | Vaults:5 | Killed an ancient lich
 53942 | Vaults:5 | Noticed p0werm0de's ghost (adept DDFi)
 53955 | Vaults:5 | Killed p0werm0de's ghost
 53955 | Vaults:5 | Reached skill level 14 in Shields
 54045 | Vaults:5 | Reached skill level 15 in Invocations
 54081 | Vaults:5 | Got an ancient granite ring
 54153 | Vaults:5 | Got a silver rune of Zot
 54253 | Vaults:5 | Gained mutation: You occasionally shout uncontrollably at your foes. [a shining eye]
 54296 | Vaults:5 | Identified the Guide on Hexes
 54310 | Vaults:5 | Identified the ring "Ochabb" {MR++ Stlth+} (You took it off a deep elf mage on level 5 of the Vaults)
 54367 | Vaults:5 | Got a twitching marble ring
 54460 | Vaults:5 | Reached skill level 14 in Armour
 55047 | Vaults:4 | Identified the ring of Xuawyafo {*Tele *Corrode rF+ Str+2} (You found it on level 5 of the Vaults)
 55340 | Depths:1 | Entered Level 1 of the Depths
 55340 | Depths:1 | Found a gateway to a ziggurat.
 55340 | Depths:1 | Found Niepsuxi's One-of-a-Kind Books.
 55672 | Depths:1 | Reached XP level 24. HP: 160/160 MP: 34/34
 55905 | Depths:1 | Found a gateway to Hell.
 56327 | Hell     | Entered the Vestibule of Hell
 56327 | Hell     | Noticed Geryon
 57706 | Hell     | Killed Geryon
 57709 | Depths:1 | HP: 38/160 [reaper/scythe of venom (11)]
 57720 | Depths:1 | HP: 33/160 [reaper/scythe of venom (35)]
 58048 | D:15     | Reached skill level 19 in Fighting
 58183 | D:10     | You paid a toll of the horn of Geryon to enter a treasure trove
 58184 | Trove    | Entered a treasure trove
 58229 | Trove    | Got a translucent granite ring
 58231 | Trove    | Got a pitted pewter ring
 58235 | Trove    | Got a wavering ivory ring
 58306 | D:10     | Identified the ring of Kopit {Fire rN+ MP-9 Str+2 Stlth+} (You found it in a treasure trove)
 58308 | D:10     | Identified the ring of Pore {+Inv rElec rPois Dex-4} (You found it in a treasure trove)
 58312 | D:10     | Identified the ring "Teshrit" {Ice rN++ Dex-4} (You found it in a treasure trove)
 59905 | Depths:2 | Noticed a juggernaut
 59935 | Depths:2 | Killed a juggernaut
 60679 | Depths:2 | Found Soamul's Distillery.
 60682 | Depths:2 | Bought a potion of agility for 68 gold pieces
 60682 | Depths:2 | Bought a potion of mutation for 136 gold pieces
 60682 | Depths:2 | Bought a potion of agility for 68 gold pieces
 60682 | Depths:2 | Bought a potion of agility for 68 gold pieces
 60682 | Depths:2 | Bought a potion of heal wounds for 85 gold pieces
 60682 | Depths:2 | Bought a potion of curing for 51 gold pieces
 60682 | Depths:2 | Bought a potion of curing for 51 gold pieces
 60682 | Depths:2 | Bought a potion of curing for 51 gold pieces
 60988 | Orc:1    | Entered Level 1 of the Orcish Mines
 61115 | Orc:2    | Entered Level 2 of the Orcish Mines
 61208 | Orc:2    | Found a dark tunnel.
 61216 | Volcano  | Entered a volcano
 61274 | Volcano  | Reached skill level 16 in Invocations
 61544 | Orc:2    | Found a staircase to the Elven Halls.
 61829 | Orc:2    | Reached skill level 20 in Dodging
 61875 | Orc:2    | Found Pinof's Assorted Antiques.
 61875 | Orc:2    | Found Kuhagrat's Jewellery Shop.
 61877 | Orc:2    | Found Uricerphi's Book Emporium.
 61877 | Orc:2    | Found Yclaosmo's Jewellery Shop.
 62005 | Elf:1    | Entered Level 1 of the Elven Halls
 62014 | Elf:1    | Reached XP level 25. HP: 150/166 MP: 33/35
 62719 | Elf:1    | You fall through a shaft!
 62814 | Elf:2    | Reached XP level 26. HP: 196/224 MP: 45/45
 62841 | Elf:2    | Reached skill level 15 in Shields
 62867 | Elf:2    | Found a runed gate.
 62867 | Elf:2    | Found a runed gate.
 62868 | Elf:2    | Found a runed gate.
 62953 | Elf:2    | Found Ituzxium's Assorted Antiques.
 63120 | Elf:2    | Reached skill level 15 in Armour
 63176 | Elf:2    | Found a magical portal.
 63185 | WizLab   | Entered Lehudib's Moon Base
 63601 | WizLab   | Paralysed by accursed screaming for 1 turns
 64229 | WizLab   | Paralysed by accursed screaming for 2 turns
 64483 | WizLab   | Found a transporter.
 64625 | WizLab   | Reached skill level 20 in Fighting
 64796 | WizLab   | Reached skill level 17 in Invocations
 64994 | WizLab   | Found a transporter.
 65003 | WizLab   | Identified the Reference Book on Venomous Transmigration
 65007 | WizLab   | Got a steaming ivory ring
 65051 | WizLab   | Identified Lehudib's Disquisition on Hurtful Earth
 65093 | WizLab   | Identified the ring of Pyghustru {rN++ MR+ Int+2} (You found it in a wizard's laboratory)
 66461 | Elf:3    | Entered Level 3 of the Elven Halls
 66550 | Elf:3    | Reached XP level 27. HP: 179/179 MP: 35/35
 66622 | Elf:3    | Found Iguteg's Antique Weapon Shoppe.
 66668 | Elf:3    | Found Hiuticeu's Antique Weapon Emporium.
 66677 | Elf:3    | Found Emyf's Magic Scroll Shoppe.
 66678 | Elf:3    | Found Vogotir's Antique Weapon Emporium.
 66712 | Elf:3    | Bought a scroll of enchant armour for 75 gold pieces
 67312 | Elf:3    | Reached skill level 21 in Dodging
 67389 | Elf:3    | Got a pair of faintly humming boots
 67556 | Elf:3    | Identified the cursed +0 pair of boots of Biywiaq {Str+2} (You found it on level 3 of the Elven Halls)
 67559 | Elf:3    | Got a scorched iron ring
 67561 | Elf:3    | Identified the ring "Sashrifio" {+Blink MR+ Dex+2} (You took it off a deep elf elementalist on level 3 of the Elven Halls)
 67568 | Elf:3    | Got a dazzling ring mail
 67742 | Elf:3    | Identified the cursed +0 ring mail of Hysteria {rElec Str+4 Int+4 Dex+3} (You took it off a deep elf high priest on level 3 of the Elven Halls)
 68135 | Orc:2    | Bought an uncursed ring of see invisible for 195 gold pieces
 68135 | Orc:2    | Bought the ring of Nuvug {rF+ MR+ Stlth+} for 482 gold pieces
 69154 | Depths:3 | HP: 57/234 [deep troll earth mage (5)]
 69159 | Depths:3 | HP: 40/180 [deep troll earth mage/blast of rock fragments (17)]
 69434 | Depths:3 | Found a one-way gate leading to the halls of Pandemonium.
 69540 | Depths:3 | Reached skill level 16 in Shields
 69595 | Depths:3 | Reached skill level 18 in Invocations
 69880 | Orc:2    | Bought a runed helmet for 150 gold pieces
 70703 | Depths:4 | Found a one-way gate to the infinite horrors of the Abyss.
 70720 | Depths:4 | Reached skill level 16 in Armour
 70738 | Depths:4 | Paralysed by a floating eye for 2 turns
 71022 | Depths:4 | Noticed a juggernaut
 71190 | Depths:4 | Reached skill level 21 in Fighting
 71221 | Depths:4 | HP: 42/182 [shadow dragon (7)]
 71228 | Depths:4 | HP: 38/182 [poisoned by a lich (poison arrow)]
 71235 | Depths:4 | HP: 44/182 [poisoned by a lich (poison arrow)]
 71364 | Depths:4 | Got a brightly glowing bone ring
 71366 | Depths:4 | Identified the ring "Asi Waih" {Wiz +Fly Str-3 Dex+2} (You took it off a vampire knight on level 4 of the Depths)
 71390 | Depths:4 | Got a smoking marble ring
 71403 | Depths:4 | Identified the ring of Mekoosupo {rElec rPois Int+5 Dex+2 Stlth+} (You took it off a spriggan defender on level 4 of the Depths)
 71494 | Depths:4 | Got a bound jade ring
 71503 | Depths:4 | Got a twitching steel ring
 71528 | Depths:4 | Killed a juggernaut
 71741 | Depths:4 | Identified the ring "Ecwiur" {+Fly rN+ Int-4 Stlth-} (You found it on level 4 of the Depths)
 71742 | Depths:4 | Identified the ring "Guptut" {rPois rN+ Str+4 Stlth+} (You found it on level 4 of the Depths)
 72060 | Depths:5 | Entered Level 5 of the Depths
 72060 | Depths:5 | Noticed a juggernaut
 72074 | Depths:5 | Killed a juggernaut
 72227 | Depths:5 | Reached skill level 22 in Dodging
 72291 | Depths:5 | Found a gate to the Realm of Zot.
 72322 | Depths:5 | HP: 68/273 [poison (poison gas)]
 72534 | Depths:5 | Reached skill level 10 in Evocations
 72918 | Depths:5 | Found a white marble altar of Elyvilon.
 73192 | Zot:1    | Entered Level 1 of the Realm of Zot
 73460 | Zot:1    | Found a transporter.
 73578 | Zot:1    | Noticed an orb of fire
 73600 | Zot:1    | Gained mutation: Potions are less effective at restoring your health. [an orb of fire]
 73614 | Zot:1    | Killed an orb of fire
 73991 | Zot:1    | Found a transporter.
 74216 | Zot:1    | Reached skill level 19 in Invocations
 74566 | Zot:1    | Gained mutation: You are weak. (Str -2) [mutagenic glow]
 74620 | Zot:1    | Gained mutation: You are partially covered in rugged brown scales. (AC +1, +3% HP) [mutagenic glow]
 74642 | Zot:1    | Gained mutation: Your magical capacity is low. (-10% MP) [mutagenic glow]
 74816 | Zot:1    | Lost mutation: You occasionally shout uncontrollably at your foes. [potion of mutation]
 74816 | Zot:1    | Lost mutation: You can translocate small distances at will. [potion of mutation]
 74816 | Zot:1    | Lost mutation: Potions are less effective at restoring your health. [potion of mutation]
 74816 | Zot:1    | Gained mutation: You occasionally shout uncontrollably at your foes. [potion of mutation]
 74816 | Zot:1    | Gained mutation: You are resistant to electric shocks. (rElec) [potion of mutation]
 74816 | Zot:1    | Gained mutation: You have large cloven feet. [potion of mutation]
 74817 | Zot:1    | Lost mutation: You are weak. (Str -2) [potion of mutation]
 74817 | Zot:1    | Lost mutation: You are resistant to electric shocks. (rElec) [potion of mutation]
 74817 | Zot:1    | Lost mutation: Your magical capacity is low. (-10% MP) [potion of mutation]
 74817 | Zot:1    | Gained mutation: Your body sometimes deteriorates upon taking damage. [potion of mutation]
 74817 | Zot:1    | Gained mutation: You are partially covered in icy blue scales. (AC +2) [potion of mutation]
 74817 | Zot:1    | Gained mutation: You can translocate small distances at will. [potion of mutation]
 75292 | Zot:1    | HP: 27/188 [electric golem/bolt of lightning (37)]
 75292 | Zot:1    | Killed from afar by a storm dragon

Vault maps used:
D:1:      erik_arrival_cave_to_civilisation
D:2:      lemuel_coloured_pillars_altar, marbit_many_paths, tso_altar
D:3:      old_standard_altar, lemuel_round_altar, uniq_jessica
D:4:      nicolae_overflow_crystal_walls, uniq_grinder
D:5:      lemuel_round_altar, nemelex_altar_shiori, first_ration, serial_shops,
          shop, shop, kennysheep_little_box, nicolae_sextant, uniq_eustachio,
          uniq_blork_the_orc, uniq_pikel
D:6:      overflow_temple_1_default, kennysheep_mini, uniq_sigmund
D:7:      minmay_temple_entry_enclosed_plants, basic_altar
D:8:      kennysheep_housing_project, serial_shops, shop, shop, shop,
          grunt_livestock, vehumet_altar_wand_db, uniq_maurice,
          uniq_prince_ribbit1
D:9:      eat_drink_and_be_merry_uskayaw, grunt_temple_overflow_open,
          orc_0_dummy
D:10:     minmay_lair_entry_lava, enter_trove_6, abandoned_shop, uniq_erica
D:11:     portal_ice_cave_entry_imps
D:12:     basic_altar, kennysheep_dice
D:13:     minivault_11, grunt_gozag_statues
D:14:     grunt_vaults_entry_fortified, minmay_misc_feat_pillars,
          nicolae_ru_awakened_eye
D:15:     grunt_enter_depths_magical_seal, minivault_27, serial_bayou_pond_a,
          elves_outpost_lemuel
Lair:1:   kennysheep_snail_temple, uniq_harold, uniq_fannar
Lair:2:   cheibrodos_lair_river_kwai, grunt_megastairs_3, serial_bayou_shore_a,
          uniq_gastronok
Lair:3:   minmay_swamp_entry_reptiles, minmay_snake_entry_guardpost_medium,
          serial_forest, infiniplex_forest_zigzag_2,
          infiniplex_forest_lined_3_way, infiniplex_forest_lined_room_,
          infiniplex_forest_clump_medium, infiniplex_forest_clump_diagonal,
          infiniplex_forest_clump_diagonal, infiniplex_forest_pool,
          grunt_forest_large_clearing_hut
Lair:4:   bobbens_dragon_lair_wall, grunt_megastairs_1
Lair:5:   eino_small_chamber_without_monster, wad_woods_river_04
Lair:6:   hangedman_lair_in_review, slime_altar_1, guppyfry_lair_drakes
Swamp:1:  nicolae_swamp_dense_foliage, swamp_pool5
Swamp:2:  serial_swamp_ruin, evilmike_swamp_ruin_house_1,
          evilmike_swamp_ruin_house_4, evilmike_swamp_ruin_house_6, swamp_pool4,
          uniq_donald
Swamp:3:  evilmike_swamp_ruin_rubble_2, infiniplex_staircase_pool_2
Swamp:4:  swamp_alternative, swamp_pool5, uniq_louise, uniq_mara
Snake:1:  serial_shops, shop, nicolae_snake_serpentine_hallways, uniq_aizul
Snake:2:  minmay_shoptagon, lemuel_fruit_tree
Snake:3:  serial_shops, shop, statue_in_the_mist_lemuel,
          hangedman_feature_mirror
Snake:4:  snake_pit, guppyfry_snake_island
Orc:1:    guppyfry_library_mini
Orc:2:    grunt_orc_tribal_feast, enter_volcano_2
Elf:1:    minmay_elf_arrival_summoners
Elf:2:    serial_shops, shop_statue, mu_enter_wizlab_5
Elf:3:    minmay_elf_hall_spiked, serial_shops, nicolae_shop_trees,
          minmay_shop_star
Vaults:1: nicolae_vaults_triangles, vaults_room_fours, hangedman_vaults_stagger,
          v_alt_pattern_2, nicolae_vaults_circle_grid_a,
          nicolae_vaults_specimen_jars, vaults_dpeg_encased_lava,
          nicolae_vaults_ninety_degrees, nicolae_vaults_diagonal_hallway_7,
          nicolae_vaults_diagonal_hallway_7, hangedman_vaults_capsules,
          vaults_mumra_lcd, serial_shops, shop, uniq_jorgrun
Vaults:2: vaults_mumra_minichess, v_pattern_5, nicolae_vaults_little_squares_1,
          nicolae_vaults_what_the_h, minmay_crypt_entry_simple_box,
          vaults_room_semicircle, ontoclasm_vaults_ligature, v_misc_8,
          ontoclasm_vaults_pinch, vaults_mumra_hex
Vaults:3: vaults_room_door_ring, ontoclasm_vaults_misaligned,
          nicolae_vaults_big_ls, nicolae_vaults_network_quinsquares, v_misc_16,
          v_alt_pattern_2, vaults_room_door_hall, vaults_mumra_hexcomb,
          nicolae_vaults_three_branches, serial_ice_m, uniq_asterion
Vaults:4: vaults_room_semicircle, vaults_room_hallway,
          nicolae_vaults_big_angled_halls, v_misc_31,
          nicolae_vaults_sealed_display, ontoclasm_vaults_gateway, v_misc_30,
          nicolae_vaults_network_barrier, vaults_room_boxed, v_pattern_4,
          st_hourglassy, nicolae_vaults_little_squares_4, vaults_room_pool
Depths:1: enter_ziggurat_f, grunt_mini_vestibule, dk_noncrumbling_3,
          nicolae_rare_books
Depths:2: cheibrodos_hall_of_evolution, serial_shops, kennysheep_mini_moat,
          hell_entry, grunt_decor_resistance
Depths:3: evilmike_diamond_1, minmay_misc_feat_hallway, pan_entry,
          pf_hell_entry_great_geh
Depths:4: minmay_the_grid_triangle_9x9_recursive_3_mashed,
          minmay_strange_pillars, nicolae_abyss_entry_one_way_or_another,
          pf_coc_iceberg, serial_bayou_shore_b, firewood_loft
Depths:5: grunt_zot_entry_tricorne, grunt_hell_entry_dis_mu,
          kennysheep_flooded_box, serial_bayou_shore_b
Zot:1:    gammafunk_its_a_trap
Zot:2:    hangedman_orp_of_zott
Trove:    trove_garden
IceCv:    ice_cave_small_demon
Volcano:  pf_volcano_lost_world
WizLab:   wizlab_lehudib

Skill      XL: |  1  2  3  4  5  6  7  8  9 10 11 12 13 14 15 16 17 18 19 20 21 22 23 24 25 26 27 |
---------------+----------------------------------------------------------------------------------+-----
Maces & Flails | 2 |  2.0
Short Blades   | 1 2 3 |  3.8
Fighting       | 4 5 6 7 8 9 11 12 13 14 15 16 17 18 19 20 21 | 21.6
Dodging        | 1 3 4 5 7 8 10 11 12 13 14 15 16 17 18 19 20 22 | 22.5
Shields        | 3 4 5 6 7 8 9 10 11 12 13 14 15 16 | 16.7
Armour         | 3 4 5 6 7 8 9 10 11 12 13 14 15 16 | 16.7
Long Blades    | 3 6 7 8 10 11 12 13 | 13.9
Invocations    | 5 6 7 8 9 11 12 13 14 15 16 17 19 | 19.0
Evocations     | 3 4 6 8 10 | 10.6

Action                   |  1- 3 |  4- 6 |  7- 9 | 10-12 | 13-15 | 16-18 | 19-21 | 22-24 | 25-27 || total
-------------------------+-------+-------+-------+-------+-------+-------+-------+-------+-------++-------
Melee: Flail             |    16 |       |       |       |       |       |       |       |       ||    16
       Short sword       |    80 |   131 |    74 |       |       |       |       |       |       ||   285
       Dagger            |     1 |       |       |       |       |       |       |       |       ||     1
       Scimitar          |       |       |   105 |   426 |  1022 |  1279 |  1544 |  1595 |  1891 ||  7862
Throw: Throwing net      |       |       |       |       |       |       |       |     1 |       ||     1
Invok: Heal Other        |       |       |       |     5 |    15 |     6 |    11 |    13 |    24 ||    74
       Lesser Healing    |       |       |       |     3 |       |       |       |       |       ||     3
       Divine Vigour     |       |       |       |     2 |       |     1 |     1 |     2 |     8 ||    14
       Divine Protection |       |       |       |       |     3 |     2 |     2 |       |       ||     7
       Greater Healing   |       |       |       |       |     1 |     1 |     1 |     1 |     2 ||     6
 Abil: Evoke Berserk Rag |       |       |       |     9 |     4 |    13 |    11 |    21 |     8 ||    66
       Evoke Invisibilit |       |       |       |       |     1 |     5 |     8 |     2 |     2 ||    18
       Blink             |       |       |       |       |       |     1 |     1 |     1 |     2 ||     5
Evoke: Wand              |       |     1 |     7 |    16 |    14 |    10 |    13 |    29 |    19 ||   109
       Lamp of fire      |       |       |       |       |     1 |     4 |     2 |     2 |     3 ||    12
       Lightning rod     |       |       |       |       |       |     1 |     5 |       |       ||     6
       Box of beasts     |       |       |       |       |       |       |       |     2 |       ||     2
       Phantom mirror    |       |       |       |       |       |       |       |     1 |     1 ||     2
       Phial of floods   |       |       |       |       |       |       |       |       |     1 ||     1
       Sack of spiders   |       |       |       |       |       |       |       |       |     1 ||     1
  Use: Scroll            |       |     2 |    10 |    13 |     8 |    20 |    16 |     6 |    27 ||   102
       Potion            |       |     1 |       |     1 |     1 |    10 |     8 |    10 |    11 ||    42
 Stab: Invisible         |       |       |       |       |     8 |    20 |    32 |     5 |    11 ||    76
       Distracted        |       |       |       |       |       |       |       |     1 |     4 ||     5
       Held in net/web   |       |       |       |       |       |       |       |     3 |       ||     3
       Confused          |       |       |       |       |       |       |       |       |     3 ||     3
       Sleeping          |       |       |       |       |       |       |       |       |     3 ||     3
  Eat: Chunk             |    10 |     4 |    11 |    24 |    29 |    19 |    47 |    58 |    49 ||   251
       Ration            |       |       |       |     6 |    12 |    19 |     4 |     8 |    12 ||    61
Armor: Scale mail        |    37 |    44 |    70 |    64 |       |       |       |       |       ||   215
       Chain mail        |       |       |       |   104 |   189 |    91 |       |       |       ||   384
       Plate armour      |       |       |       |    28 |   268 |   312 |   257 |   491 |    87 ||  1443
       Troll leather arm |       |       |       |       |       |       |       |       |   201 ||   201
       Gold dragon scale |       |       |       |       |       |       |       |       |    78 ||    78
Dodge: Dodged            |    36 |    40 |    99 |   218 |   540 |   791 |   827 |  1293 |  1428 ||  5272
Block: Shield            |    54 |    52 |   100 |   284 |   681 |   925 |  1030 |  1500 |  1531 ||  6157
       Reflection        |       |       |       |     3 |    33 |    97 |   117 |    60 |   102 ||   412
       Rpst.: Scimitar   |       |       |    13 |    60 |   122 |   115 |   163 |   236 |   243 ||   952

Table legend:
 A = Spawn XP
 B = Non-spawn XP
 C = Spawn XP percentage of total XP
 D = Spawn monster count
 E = Non-spawn monster count
 F = Spawn count percentage of total count
 G = Total turns spent on level
                    A         B        C        D         E        F      G
               +---------+---------+-------+---------+---------+-------+---------
         Total |       0 | 1221065 |   0.0 |       0 |    2075 |   0.0 | 75292
               +---------+---------+-------+---------+---------+-------+---------
           D:1 |       0 |      44 |   0.0 |       0 |      25 |   0.0 |  1181
           D:2 |       0 |       7 |   0.0 |       0 |       5 |   0.0 |   130
           D:3 |       0 |     117 |   0.0 |       0 |      32 |   0.0 |  1188
           D:4 |       0 |     648 |   0.0 |       0 |      21 |   0.0 |  1260
           D:5 |       0 |     898 |   0.0 |       0 |       8 |   0.0 |  1001
           D:6 |       0 |     808 |   0.0 |       0 |      13 |   0.0 |   740
           D:7 |       0 |    1233 |   0.0 |       0 |      21 |   0.0 |   706
           D:8 |       0 |    4559 |   0.0 |       0 |      62 |   0.0 |  1489
           D:9 |       0 |     560 |   0.0 |       0 |       5 |   0.0 |   502
          D:10 |       0 |    3899 |   0.0 |       0 |      15 |   0.0 |  1799
          D:11 |       0 |    3859 |   0.0 |       0 |      53 |   0.0 |  1060
          D:12 |       0 |    5186 |   0.0 |       0 |      29 |   0.0 |  1259
          D:13 |       0 |    6863 |   0.0 |       0 |      60 |   0.0 |  1287
          D:14 |       0 |   14644 |   0.0 |       0 |      41 |   0.0 |  1826
          D:15 |       0 |   35193 |   0.0 |       0 |      83 |   0.0 |  2306
        Lair:1 |       0 |    6839 |   0.0 |       0 |      26 |   0.0 |  2178
        Lair:2 |       0 |    7091 |   0.0 |       0 |      19 |   0.0 |  1608
        Lair:3 |       0 |    9937 |   0.0 |       0 |      37 |   0.0 |  1701
        Lair:4 |       0 |    9414 |   0.0 |       0 |      32 |   0.0 |  1491
        Lair:5 |       0 |    4109 |   0.0 |       0 |      14 |   0.0 |  1418
        Lair:6 |       0 |   23143 |   0.0 |       0 |      50 |   0.0 |  2221
       Swamp:1 |       0 |    9078 |   0.0 |       0 |      20 |   0.0 |   885
       Swamp:2 |       0 |    6670 |   0.0 |       0 |      13 |   0.0 |   764
       Swamp:3 |       0 |   11930 |   0.0 |       0 |      32 |   0.0 |  1481
       Swamp:4 |       0 |   24226 |   0.0 |       0 |      53 |   0.0 |   737
       Snake:1 |       0 |   24752 |   0.0 |       0 |      42 |   0.0 |  2468
       Snake:2 |       0 |   16024 |   0.0 |       0 |      25 |   0.0 |  1307
       Snake:3 |       0 |   29131 |   0.0 |       0 |      53 |   0.0 |  2318
       Snake:4 |       0 |   45178 |   0.0 |       0 |      68 |   0.0 |  1936
         Orc:1 |       0 |    8194 |   0.0 |       0 |      19 |   0.0 |   157
         Orc:2 |       0 |    9023 |   0.0 |       0 |      46 |   0.0 |   865
         Elf:1 |       0 |   17651 |   0.0 |       0 |      31 |   0.0 |   820
         Elf:2 |       0 |   39719 |   0.0 |       0 |      50 |   0.0 |  1146
         Elf:3 |       0 |   60548 |   0.0 |       0 |      62 |   0.0 |  1600
      Vaults:1 |       0 |   45557 |   0.0 |       0 |      97 |   0.0 |  2082
      Vaults:2 |       0 |   48807 |   0.0 |       0 |      92 |   0.0 |  2923
      Vaults:3 |       0 |   48724 |   0.0 |       0 |      72 |   0.0 |  1823
      Vaults:4 |       0 |  164569 |   0.0 |       0 |     160 |   0.0 |  7847
      Vaults:5 |       0 |   59162 |   0.0 |       0 |      63 |   0.0 |  1324
      Depths:1 |       0 |   35327 |   0.0 |       0 |      50 |   0.0 |  2272
      Depths:2 |       0 |   52885 |   0.0 |       0 |      65 |   0.0 |  2613
      Depths:3 |       0 |   62920 |   0.0 |       0 |      73 |   0.0 |  1406
      Depths:4 |       0 |   60116 |   0.0 |       0 |      46 |   0.0 |  1523
      Depths:5 |       0 |   47069 |   0.0 |       0 |      30 |   0.0 |  1057
          Hell |       0 |    5910 |   0.0 |       0 |       4 |   0.0 |    55
         Zot:1 |       0 |   69241 |   0.0 |       0 |      42 |   0.0 |  2086
         IceCv |       0 |    4049 |   0.0 |       0 |      24 |   0.0 |  1130
       Volcano |       0 |   10712 |   0.0 |       0 |      27 |   0.0 |   256
        WizLab |       0 |   64842 |   0.0 |       0 |      65 |   0.0 |  1928
               +---------+---------+-------+---------+---------+-------+---------

Vault maps used:
D:1:      erik_arrival_cave_to_civilisation
D:2:      lemuel_coloured_pillars_altar, marbit_many_paths, tso_altar
D:3:      old_standard_altar, lemuel_round_altar, uniq_jessica
D:4:      nicolae_overflow_crystal_walls, uniq_grinder
D:5:      lemuel_round_altar, nemelex_altar_shiori, first_ration, serial_shops,
          shop, shop, kennysheep_little_box, nicolae_sextant, uniq_eustachio,
          uniq_blork_the_orc, uniq_pikel
D:6:      overflow_temple_1_default, kennysheep_mini, uniq_sigmund
D:7:      minmay_temple_entry_enclosed_plants, basic_altar
D:8:      kennysheep_housing_project, serial_shops, shop, shop, shop,
          grunt_livestock, vehumet_altar_wand_db, uniq_maurice,
          uniq_prince_ribbit1
D:9:      eat_drink_and_be_merry_uskayaw, grunt_temple_overflow_open,
          orc_0_dummy
D:10:     minmay_lair_entry_lava, enter_trove_6, abandoned_shop, uniq_erica
D:11:     portal_ice_cave_entry_imps
D:12:     basic_altar, kennysheep_dice
D:13:     minivault_11, grunt_gozag_statues
D:14:     grunt_vaults_entry_fortified, minmay_misc_feat_pillars,
          nicolae_ru_awakened_eye
D:15:     grunt_enter_depths_magical_seal, minivault_27, serial_bayou_pond_a,
          elves_outpost_lemuel
Lair:1:   kennysheep_snail_temple, uniq_harold, uniq_fannar
Lair:2:   cheibrodos_lair_river_kwai, grunt_megastairs_3, serial_bayou_shore_a,
          uniq_gastronok
Lair:3:   minmay_swamp_entry_reptiles, minmay_snake_entry_guardpost_medium,
          serial_forest, infiniplex_forest_zigzag_2,
          infiniplex_forest_lined_3_way, infiniplex_forest_lined_room_,
          infiniplex_forest_clump_medium, infiniplex_forest_clump_diagonal,
          infiniplex_forest_clump_diagonal, infiniplex_forest_pool,
          grunt_forest_large_clearing_hut
Lair:4:   bobbens_dragon_lair_wall, grunt_megastairs_1
Lair:5:   eino_small_chamber_without_monster, wad_woods_river_04
Lair:6:   hangedman_lair_in_review, slime_altar_1, guppyfry_lair_drakes
Swamp:1:  nicolae_swamp_dense_foliage, swamp_pool5
Swamp:2:  serial_swamp_ruin, evilmike_swamp_ruin_house_1,
          evilmike_swamp_ruin_house_4, evilmike_swamp_ruin_house_6, swamp_pool4,
          uniq_donald
Swamp:3:  evilmike_swamp_ruin_rubble_2, infiniplex_staircase_pool_2
Swamp:4:  swamp_alternative, swamp_pool5, uniq_louise, uniq_mara
Snake:1:  serial_shops, shop, nicolae_snake_serpentine_hallways, uniq_aizul
Snake:2:  minmay_shoptagon, lemuel_fruit_tree
Snake:3:  serial_shops, shop, statue_in_the_mist_lemuel,
          hangedman_feature_mirror
Snake:4:  snake_pit, guppyfry_snake_island
Orc:1:    guppyfry_library_mini
Orc:2:    grunt_orc_tribal_feast, enter_volcano_2
Elf:1:    minmay_elf_arrival_summoners
Elf:2:    serial_shops, shop_statue, mu_enter_wizlab_5
Elf:3:    minmay_elf_hall_spiked, serial_shops, nicolae_shop_trees,
          minmay_shop_star
Vaults:1: nicolae_vaults_triangles, vaults_room_fours, hangedman_vaults_stagger,
          v_alt_pattern_2, nicolae_vaults_circle_grid_a,
          nicolae_vaults_specimen_jars, vaults_dpeg_encased_lava,
          nicolae_vaults_ninety_degrees, nicolae_vaults_diagonal_hallway_7,
          nicolae_vaults_diagonal_hallway_7, hangedman_vaults_capsules,
          vaults_mumra_lcd, serial_shops, shop, uniq_jorgrun
Vaults:2: vaults_mumra_minichess, v_pattern_5, nicolae_vaults_little_squares_1,
          nicolae_vaults_what_the_h, minmay_crypt_entry_simple_box,
          vaults_room_semicircle, ontoclasm_vaults_ligature, v_misc_8,
          ontoclasm_vaults_pinch, vaults_mumra_hex
Vaults:3: vaults_room_door_ring, ontoclasm_vaults_misaligned,
          nicolae_vaults_big_ls, nicolae_vaults_network_quinsquares, v_misc_16,
          v_alt_pattern_2, vaults_room_door_hall, vaults_mumra_hexcomb,
          nicolae_vaults_three_branches, serial_ice_m, uniq_asterion
Vaults:4: vaults_room_semicircle, vaults_room_hallway,
          nicolae_vaults_big_angled_halls, v_misc_31,
          nicolae_vaults_sealed_display, ontoclasm_vaults_gateway, v_misc_30,
          nicolae_vaults_network_barrier, vaults_room_boxed, v_pattern_4,
          st_hourglassy, nicolae_vaults_little_squares_4, vaults_room_pool
Depths:1: enter_ziggurat_f, grunt_mini_vestibule, dk_noncrumbling_3,
          nicolae_rare_books
Depths:2: cheibrodos_hall_of_evolution, serial_shops, kennysheep_mini_moat,
          hell_entry, grunt_decor_resistance
Depths:3: evilmike_diamond_1, minmay_misc_feat_hallway, pan_entry,
          pf_hell_entry_great_geh
Depths:4: minmay_the_grid_triangle_9x9_recursive_3_mashed,
          minmay_strange_pillars, nicolae_abyss_entry_one_way_or_another,
          pf_coc_iceberg, serial_bayou_shore_b, firewood_loft
Depths:5: grunt_zot_entry_tricorne, grunt_hell_entry_dis_mu,
          kennysheep_flooded_box, serial_bayou_shore_b
Zot:1:    gammafunk_its_a_trap
Zot:2:    hangedman_orp_of_zott
Trove:    trove_garden
IceCv:    ice_cave_small_demon
Volcano:  pf_volcano_lost_world
WizLab:   wizlab_lehudib

Table legend:
 A = Turns spent in this place as a percentage of turns spent in the entire game.
 B = Non-inter-level travel turns spent in this place as a percentage of non-inter-level travel turns spent in the entire game.
 C = Inter-level travel turns spent in this place as a percentage of turns spent in this place.
 D = Turns resting spent in this place as a percentage of non-inter-level travel turns spent in this place.
 E = Turns spent auto-exploring this place as a percentage of non-inter-level travel turns spent in this place.
 F = Non-inter-level travel turns spent in this place divided by the number of levels of this place that you've seen.
                   A       B       C       D       E      F
               +-------+-------+-------+-------+-------+----------------------
         Total | 100.0 | 100.0 |   8.7 |  36.6 |  37.8 | 1347.9
       Dungeon |  23.6 |  21.3 |  17.6 |  23.1 |  54.9 | 974.6
          Lair |  14.1 |  14.1 |   8.4 |  37.8 |  46.4 | 1621.2
         Swamp |   5.1 |   5.4 |   4.7 |  32.9 |  40.1 | 921.8
     Snake Pit |  10.7 |  11.1 |   4.6 |  51.0 |  24.6 | 1915.5
  Orcish Mines |   1.4 |   1.1 |  27.1 |   0.0 |  54.1 | 372.5
   Elven Halls |   4.7 |   4.9 |   5.6 |  10.2 |  46.9 | 1122.3
        Vaults |  21.2 |  21.8 |   6.5 |  46.9 |  27.7 | 2991.8
        Depths |  11.8 |  12.3 |   5.0 |  37.6 |  33.7 | 1686.0
          Hell |   0.1 |   0.1 |   0.0 |   0.0 |   0.0 |  55.0
           Zot |   2.8 |   3.0 |   1.9 |  47.1 |  26.0 | 1030.0
         Trove |   0.2 |   0.2 |   0.0 |   0.0 |  60.2 | 118.0
      Ice Cave |   1.5 |   1.6 |   0.0 |  64.1 |   3.4 | 1130.0
       Volcano |   0.3 |   0.4 |   0.0 |   0.0 |  19.1 | 256.0
        Wizlab |   2.6 |   2.8 |   0.0 |  38.7 |  23.0 | 1928.0
               +-------+-------+-------+-------+-------+----------------------

Table legend:
 A = Kills in this place as a percentage of kills in entire the game.
 B = Kills by you in this place as a percentage of kills by you in the entire game.
 C = Kills by friends in this place as a percentage of kills by friends in the entire game.
 D = Other kills in this place as a percentage of other kills in the entire game.
 E = Experience gained in this place as a percentage of experience gained in the entire game.
 F = Experience gained in this place divided by the number of levels of this place that you have seen.
                   A       B       C       D       E      F
               +-------+-------+-------+-------+-------+----------------------
         Total | 100.0 | 100.0 | 100.0 | 100.0 | 100.0 | 23942.5
       Dungeon |  22.8 |  22.7 |   0.0 |  31.6 |   6.4 | 5234.5
          Lair |   8.6 |   8.8 |   0.0 |   0.0 |   5.0 | 10088.8
         Swamp |   5.7 |   5.8 |   0.0 |   0.0 |   4.3 | 12976.0
     Snake Pit |   9.1 |   9.1 |   0.0 |   7.9 |   9.4 | 28771.2
  Orcish Mines |   3.1 |   3.2 |   0.0 |   0.0 |   1.4 | 8608.5
   Elven Halls |   6.9 |   6.8 |  33.3 |   7.9 |   9.7 | 39306.0
        Vaults |  23.3 |  23.2 |  33.3 |  28.9 |  30.0 | 73363.8
        Depths |  12.7 |  12.5 |   0.0 |  23.7 |  21.2 | 51663.4
          Hell |   0.2 |   0.2 |   0.0 |   0.0 |   0.5 | 5910.0
           Zot |   2.0 |   2.1 |   0.0 |   0.0 |   5.7 | 34620.5
      Ice Cave |   1.2 |   1.2 |   0.0 |   0.0 |   0.3 | 4049.0
       Volcano |   1.3 |   1.3 |   0.0 |   0.0 |   0.9 | 10712.0
        Wizlab |   3.1 |   3.1 |  33.3 |   0.0 |   5.3 | 64842.0
               +-------+-------+-------+-------+-------+----------------------
